 Dungeon Crawl Stone Soup version 0.32-a0-986-ga09f62fbf4 (webtiles) character file.

Game seed: 9904418685569622921

118 elagabalus the Cudgeller (level 4, 0/37 HPs)
             Began as an Armataur Fighter on Apr 22, 2024.
             Succumbed to Terence's poison
             ... on level 3 of the Dungeon.
             The game lasted 00:09:52 (1734 turns).

elagabalus the Cudgeller (Armataur Fighter)         Turns: 1734, Time: 00:09:53

Health: 0/37       AC: 10    Str: 23    XL:     4   Next: 72%
Magic:  1/4        EV:  6    Int:  9    God:
Gold:   167        SH:  4    Dex:  9    Spells: 3/3 levels left

rFire   . . .        f - +0 whip
rCold   . . .        c - +0 buckler
rNeg    . . .        b - +0 scale mail
rPois   .            (no helmet)
rElec   .            d - +1 cloak
rCorr   .            i - +0 pair of gloves
SInv    .            (no barding)
Will    .....        h - amulet of guardian spirit Stlth
                     (no ring)
HPRegen 0.26/turn    (no ring)
MPRegen 0.09/turn

%: guardian spirit, roll
@: lethally poisoned (0 -> -15)
A: large, deformed body, tough skin 3, armoured tail, rollpage 1
a: no special abilities


You were on level 3 of the Dungeon.
You visited 1 branch of the dungeon, and saw 4 of its levels.

You collected 167 gold pieces.

Inventory:

Hand Weapons
 f - a +0 whip (weapon)
 k - the +4 sling "Fuesy" {flame, Str+7}
   (You found it on level 2 of the Dungeon)

   Str+7:     It affects your strength (+7).
Armour
 b - a +0 scale mail (worn)
 c - a +0 buckler (worn)
 d - a +1 cloak (worn)
 i - a +0 pair of gloves (worn)
Jewellery
 h - an amulet of guardian spirit (around neck)
Wands
 g - a wand of mindburst (14)
Potions
 a - a potion of curing {unknown}


   Skills:
 - Level 2.6 Fighting
 * Level 4.5 Maces & Flails
 - Level 3.6 Armour
 - Level 3.2 Shields


You had 3 spell levels left.
You didn't know any spells.
Your spell library was empty.

Dungeon Overview and Level Annotations

Branches:
Dungeon (4/15)
 Temple: D:4-7

Altars:
Ashenzari

Annotations:
D:3 Terence


Innate Abilities, Weirdness & Mutations

Armour fits poorly on your strangely shaped body.
You have extremely tough skin. (AC +3)
You have a long armoured tail.
You regenerate magic when rolling toward enemies. (Rampage MPRegen)


Message History

Terence hits you but does no damage.
You are more poisoned.
You hit Terence but do no damage.
Terence is heavily wounded.
You feel very sick. Terence hits you but does no damage.
You are lethally poisoned!
You hit Terence.
Terence is heavily wounded.
* * * LOW HITPOINT WARNING * * *
You feel very sick. You block Terence's attack.
You hit Terence but do no damage.
Terence is heavily wounded.
* * * LOW HITPOINT WARNING * * *
You feel very sick.
Terence hits you with a +2 flail of venom.
* * * LOW HITPOINT WARNING * * *
You are more poisoned.
You feel much better.
You feel extremely sick.
Terence hits you with a +2 flail of venom.
You hit Terence but do no damage.
Terence is heavily wounded.
You feel very sick.
You hit Terence but do no damage.
Terence is heavily wounded.
* * * LOW HITPOINT WARNING * * *
You feel very sick. Terence hits you but does no damage.
You are more poisoned.
You hit Terence but do no damage.
Terence is heavily wounded.
* * * LOW HITPOINT WARNING * * *
You feel very sick.
Terence hits you with a +2 flail of venom.
* * * LOW HITPOINT WARNING * * *
You hit Terence but do no damage.
Terence is heavily wounded.
You die...

... ......
..... ..
......
.###########
......
..#........
....#.###.#@#
........#.#@##
........@...>#
.....#<..#..#
.## #.#.#..#
...###..#
##### #..#
...# ##..


You could see Terence.

Vanquished Creatures
  Crazy Yiuf (D:2)
  3 adders
  4 dart slugs
  2 ribbon worms (D:2)
  2 ball pythons (D:1)
  3 bats (D:2)
  6 endoplasms
  2 giant cockroaches (D:1)
  6 goblins
  4 hobgoblins
  4 jackals (D:2)
  A quokka (D:1)
  2 frilled lizards
  3 kobolds
  7 rats
50 creatures vanquished.

Notes
Turn   | Place    | Note
-------+----------+-------------------------------------------
     0 | D:1      | elagabalus the Armataur Fighter began the quest for the
                  | Orb.
     0 | D:1      | Reached XP level 1. HP: 18/18 MP: 1/1
    46 | D:1      | Reached skill level 2 in Maces & Flails
    87 | D:1      | Reached XP level 2. HP: 25/25 MP: 2/2
   240 | D:1      | Reached skill level 3 in Maces & Flails
   557 | D:1      | Reached XP level 3. HP: 30/30 MP: 3/3
   707 | D:2      | Found a broken altar of Ashenzari.
   978 | D:2      | Reached XP level 4. HP: 37/37 MP: 4/4
   989 | D:2      | Reached skill level 4 in Maces & Flails
  1100 | D:2      | Identified the +4 sling "Fuesy" {flame, Str+7}
  1426 | D:2      | Found a runed translucent door.
  1427 | D:2      | Noticed Crazy Yiuf
  1437 | D:2      | Killed Crazy Yiuf
  1696 | D:3      | Noticed Terence
  1734 | D:3      | Succumbed to Terence's poison

Illustrated notes

Levels and vault maps discovered:
D:1:      heliophobic_arrival_dark_side_of_the_moon, layout_rooms
D:2:      minmay_angry_zag, layout_basic, basic_altar, corexii_leaking_fountain,
          minmay_tetromino_t2, uniq_crazy_yiuf_cottage
D:3:      layout_basic, uniq_jessica, uniq_terence, uniq_robin
D:4:      layout_rooms, mainiacjoe_overflow_swirl, serial_shops,
          nicolae_shop_tiny_glass, hellmonk_ghost_happy_afterlife, minivault_11,
          uniq_sigmund, uniq_natasha

Skill      XL: |  1  2  3  4 |
---------------+-------------+-----
Maces & Flails | 2 3 4 |  4.5
Fighting       | |  2.6
Armour         | |  3.6
Shields        | |  3.2

Action                     |  1- 3 |  4- 6 || total
---------------------------+-------+-------++-------
  Melee: Flail             |    69 |       ||    69
         Tailslap          |     8 |     6 ||    14
         Whip              |    40 |    65 ||   105
    Use: Scroll            |     4 |     2 ||     6
         Potion            |       |     3 ||     3
 Armour: Scale mail        |    76 |    27 ||   103
  Dodge: Dodged            |    29 |    17 ||    46
  Block: Buckler           |    22 |    11 ||    33

Table legend: (Time is in decaauts)
 A = Elapsed time spent in this place.
 B = Non-inter-level travel time spent in this place.
 C = Inter-level travel time spent in this place.
 D = Time resting spent in this place.
 E = Time spent auto-exploring this place.
 F = Levels seen in this place.
 G = Mean time per level.
                   A        B        C        D        E       F      G
               +--------+--------+--------+--------+--------+-----+--------+
         Total |   1745 |   1745 |      0 |    100 |      0 |   4 |  436.2 |
       Dungeon |   1745 |   1745 |      0 |    100 |      0 |   4 |  436.2 |
               +--------+--------+--------+--------+--------+-----+--------+

Top non-repeatable levels by time:
     D:2: 1061 daAuts
     D:1: 622 daAuts
     D:3: 45 daAuts
     D:4: 16 daAuts
